 Dungeon Sprint DCSS version 0.31-a0-879-g1609e0ac53 (webtiles) character file.

Game seed: 11690408145343686380

233 rocky1 the Nimble (level 6, -19/49 HPs)
             Began as a Djinni Gladiator on Oct 15, 2023.
             Demolished by a boulder beetle (23 damage)
             ... in the Dungeon (Sprint II: "The Violet Keep of Menkaure").
             The game lasted 00:01:23 (71 turns).

rocky1 the Nimble (Djinni Gladiator)                  Turns: 71, Time: 00:01:24

Health: -19/49     AC:  4    Str: 13    XL:     6   Next: 25%
Gold:   243        EV: 17    Int:  9    God:
                   SH:  0    Dex: 17

rFire   + + .        a - +0 long sword
rCold   x . .        (no shield)
rNeg    . . .        b - +0 leather armour
rPois   ∞            c - +0 helmet
rElec   .            (no cloak)
rCorr   .            (no gloves)
SInv    .            (boots unavailable)
Will    .....        (no amulet)
Stlth   +            (no ring)
HPRegen 0.28/turn    (no ring)
MPRegen 0.00/turn

%: no teleportation, infuse magic (-20 HP)
@: flying, hasted, very quick
A: sickness immunity, fire resistance 2, cold vulnerability 1, float, innate
caster, HP casting, extra vitality 1
a: no special abilities


You were in the Dungeon.
You visited 1 branch You collected 243 gold pieces.

Inventory:

Hand Weapons
 a - a +0 long sword (weapon)
Missiles
 d - 3 throwing nets (quivered)
 e - a javelin
Armour
 b - a +0 leather armour (worn)
 c - a +0 helmet (worn)
Scrolls
 j - a scroll of blinking
Potions
 f - a potion of curing


   Skills:
 + Level 4.8 Fighting
 + Level 7.4 Long Blades
 - Level 1.5 Throwing
 + Level 1.5 Armour
 + Level 9.3 Dodging


You knew the following spells:

 Your Spells              Type           Power      Damage    Failure   Level
a - Necrotise             Necr           0%         1d4       45%         1
b - Ensorcelled Hibernat  Hex/Ice        0%         N/A       61%         2
Your spell library was empty.

Dungeon Overview and Level Annotations

Branches:
Dungeon (1/1)

Altars:
Nemelex Xobeh
Okawaru
Uskayaw
Yredelemnul
Zin
The Shining One


Innate Abilities, Weirdness & Mutations

You are immune to sickness and miasma.
You are immune to poison.
Your flesh is very heat resistant. (rF++)
You are vulnerable to cold. (rC-)
You float through the air rather than walking.
You learn spells naturally, not from books.
Your magical power is your life essence.
You have superior vitality. (+4 MHP)


Message History

The boulder beetle bites you!!
The water moccasin hisses angrily.
You hit the boulder beetle but do no damage.
The boulder beetle is lightly wounded.
The boulder beetle bites you.
You hit the boulder beetle but do no damage.
The boulder beetle is lightly wounded.
The boulder beetle leaps!
You feel much better.
The boulder beetle is engulfed in a cloud of scalding steam.
You feel yourself speed up.
The water moccasin bites you but does no damage.
You hit the boulder beetle but do no damage.
The boulder beetle is lightly wounded.
The water moccasin is engulfed in a cloud of scalding steam.
You hit the boulder beetle but do no damage.
The boulder beetle is lightly wounded.
The water moccasin is engulfed in a cloud of scalding steam.
The boulder beetle bites you! The water moccasin closely misses you.
You hit the boulder beetle but do no damage.
The boulder beetle is lightly wounded.
You hit the boulder beetle but do no damage.
The boulder beetle is lightly wounded.
The water moccasin is engulfed in a cloud of scalding steam.
The water moccasin barely misses you. The boulder beetle bites you!
* * * LOW HITPOINT WARNING * * *
You hit the boulder beetle but do no damage.
The boulder beetle is lightly wounded.
The water moccasin barely misses you. The boulder beetle bites you.
* * * LOW HITPOINT WARNING * * *
You hit the boulder beetle.
The boulder beetle is lightly wounded.
The water moccasin misses you.
You barely miss the boulder beetle.
You punch the boulder beetle, but do no damage.
The boulder beetle is lightly wounded.
The water moccasin bites you.
* * * LOW HITPOINT WARNING * * *
The boulder beetle bites you!!
You die...

##.##B..# +.<.+#
'..### .##
##.##B.$#....###...
#†# .##......~~~~
###†#####~~.....~#'#
#..#..#~~~§§§§..~#._
##.#.##~~§~§§~~.~#..
#~~##'##~~§§≈§BS~§~#._
#~~~~~~~~§§≈§@§§~~#_.
#+++#+++#~≈§≈≈≈≈§~#._


≈SSS ##≈≈≈###≈≈#_. S≈S≈≈≈ ##≈≈# §#._ +≈≈≈≈≈≈§≈ +≈≈# #_. ##≈S≈§≈≈≈ #≈§≈≈ ##
##§≈§§≈≈≈ ###### ~ ####+ ≈≈≈§S§≈ You could see a boulder beetle and a water
moccasin.

Vanquished Creatures
  4 scorpions (D)
4 creatures vanquished.

Notes
Turn   | Place    | Note
-------+----------+-------------------------------------------
     0 | D        | rocky1 the Djinni Gladiator began the quest for the Orb.
     0 | D        | Reached XP level 1. HP: 18/18 MP: 0/0
     1 | D        | Noticed a boulder beetle
     1 | D        | Noticed a boulder beetle
     5 | D        | Noticed a scorpion
     5 | D        | Noticed a scorpion
    14 | D        | Killed a scorpion
    15 | D        | Reached skill level 6 in Dodging
    15 | D        | Reached XP level 2. HP: 25/25 MP: 0/0
    15 | D        | Reached XP level 3. HP: 30/30 MP: 0/0
    15 | D        | Learned a level 1 spell: Necrotise
    15 | D        | Reached XP level 4. HP: 35/35 MP: 0/0
    20 | D        | Killed a scorpion
    21 | D        | Reached skill level 5 in Long Blades
    21 | D        | Reached skill level 7 in Dodging
    21 | D        | Reached XP level 5. HP: 41/41 MP: 0/0
    21 | D        | Learned a level 2 spell: Ensorcelled Hibernation
    31 | D        | Reached skill level 1 in Armour
    31 | D        | Reached skill level 8 in Dodging
    36 | D        | Reached skill level 9 in Dodging
    36 | D        | Reached XP level 6. HP: 33/49 MP: 0/0
    57 | D        | Found an iron altar of Okawaru.
    58 | D        | Found a glowing silver altar of Zin.
    58 | D        | Found a hide-covered altar of Uskayaw.
    58 | D        | Found a basalt altar of Yredelemnul.
    58 | D        | Found a sparkling altar of Nemelex Xobeh.
    58 | D        | Found a glowing golden altar of the Shining One.
    59 | D        | Noticed a water moccasin
    71 | D        | Demolished by a boulder beetle

Illustrated notes

Levels and vault maps discovered:
D:        the_violet_keep_of_menkaure [sprint2_stairs_cluster_1,
          sprint2_shoproom, sprint2_temple, sprint2_basic_supplies,
          sprint2_obstacle_7, sprint2_obstacle_5, sprint2_obstacle_4,
          sprint2_obstacle_1, sprint2_obstacle_2, sprint2_timed_cluster_1,
          sprint2_smallroom_cluster_1, sprint2_smallroom_final_cluster_1,
          sprint2_transparent_cluster_1, sprint2_second_timed_cluster_1,
          sprint2_sniper_area_1, sprint2_heavy_combat_area_1,
          sprint2_mutation_trap_area_1, sprint2_forest_area_1,
          sprint2_light_combat_area_1, sprint2_behind_water_1,
          sprint2_near_end_vault_1]

Skill      XL: |  1  2  3  4  5 |
---------------+----------------+-----
Fighting       | 3 4 |  4.8
Long Blades    | 4 5 7 |  7.4
Dodging        | 6 7 9 |  9.3
Armour         | 1 |  1.5
Throwing       | |  1.5

Action                     |  1- 3 |  4- 6 || total
---------------------------+-------+-------++-------
  Melee: Long sword        |     8 |    29 ||    37
         Punch             |       |     1 ||     1
    Use: Potion            |     1 |     2 ||     3
 Armour: Leather armour    |     4 |    17 ||    21
  Dodge: Dodged            |     4 |    23 ||    27

Table legend: (Time is in decaauts)
 A = Elapsed time spent in this place.
 B = Non-inter-level travel time spent in this place.
 C = Inter-level travel time spent in this place.
 D = Time resting spent in this place.
 E = Time spent auto-exploring this place.
 F = Levels seen in this place.
 G = Mean time per level.
                   A        B        C        D        E       F      G
               +--------+--------+--------+--------+--------+-----+--------+
         Total |     79 |     79 |      0 |      6 |      0 |   1 |   79.0 |
       Dungeon |     79 |     79 |      0 |      6 |      0 |   1 |   79.0 |
               +--------+--------+--------+--------+--------+-----+--------+

Top non-repeatable levels by time:
       D: 79 daAuts
